AoeStats
← MrOizo

Highland

504840423Analyzed
4v4 RM · 26d ago on Sep 6, 2026· 52m 12s· 8 players
Game mode
Random Map
Map size
Large (8 player)
Population
200
Speed
Normal
Resources
Standard
Victory
Conquest
Starting age
Dark Age
Ending age
Imperial Age
RankedLock teamsTeams togetherTeam positionsShared explorationLock speedFull tech treeHidden civsTurbo modeCheats
Victory
Defeat
🇩🇪 Mongols · Germany
787
+13
🇩🇪 Britons · Germany
735
+15
🇩🇪 Goths · Germany
732
+16
🇩🇪 Lithuanians · Germany
718
+16
🇸🇪 Britons · Sweden
908
-22
🇸🇪 Saracens · Sweden
688
-14
🇸🇪 Persians · Sweden
675
-13
🇸🇪 Bohemians · Sweden
627
-11
jenjak
0:27 Loom
15:15 Feudal Age
16:04 Double-Bit Axe
23:14 Castle Age
23:47 Horse Collar
24:04 Pikeman
25:13 Town Watch
27:22 Fletching
27:42 Forging
27:33 Scale Mail Armor
29:53 Murder Holes
30:09 Fortified Wall
33:18 Chemistry
33:41 Elite Skirmisher
34:40 Bodkin Arrow
36:34 Heavy Plow
38:00 Wheelbarrow
41:54 Imperial Age
40:48 Chain Mail Armor
43:42 Bow Saw
44:46 Fortified Wall
44:47 Masonry
50:07 Conscription
50:14 Padded Archer Armor
Brolo
1:22 Loom
11:35 Feudal Age
12:27 Double-Bit Axe
12:27 Horse Collar
12:38 Gold Mining
12:51 Stone Mining
20:23 Castle Age
19:42 Fletching
19:52 Padded Archer Armor
20:05 Forging
19:55 Scale Mail Armor
26:19 Wheelbarrow
28:22 Hand Cart
29:51 Bodkin Arrow
30:12 Leather Archer Armor
30:33 Iron Casting
30:13 Chain Mail Armor
29:20 Pikeman
30:00 Squires
29:37 Elite Skirmisher
34:26 Ballistics
37:14 Imperial Age
36:13 Gold Shaft Mining
35:50 Bow Saw
35:43 Heavy Plow
38:28 Capped Ram
40:11 Halberdier
42:05 Conscription
42:11 Elite Longbowman
Chihiro
1:15 Loom
13:41 Feudal Age
14:06 Double-Bit Axe
14:04 Horse Collar
15:04 Stone Mining
22:00 Castle Age
23:21 Man-at-Arms
27:59 Stone Shaft Mining
27:54 Bow Saw
28:03 Gold Mining
29:51 Wheelbarrow
29:51 Fletching
33:11 Gold Shaft Mining
32:53 Town Watch
34:35 Hand Cart
36:18 Town Patrol
38:10 Heavy Plow
44:57 Imperial Age
43:58 Medium Warships
44:07 Elite Skirmisher
46:05 Heavy Warships
47:12 Two-Man Saw
46:45 Crop Rotation
46:41 Caravan
47:17 Elite War Elephant
49:56 Conscription
51:13 Thumb Ring
51:14 Murder Holes
51:42 Ballistics
52:24 Chemistry
52:23 Citadels
52:15 Kamandaran
MrOizo
0:34 Loom
12:33 Feudal Age
15:43 Wheelbarrow
20:03 Castle Age
28:15 Pikeman
34:34 Squires
36:54 Husbandry
37:05 Bloodlines
37:56 Scale Barding Armor
37:45 Fletching
39:51 Double-Bit Axe
44:18 Imperial Age
44:25 Heavy Camel Rider
51:05 Hand Cart
fabianstern97
15:20 Feudal Age
20:23 Castle Age
19:20 Gold Mining
19:20 Double-Bit Axe
19:28 Horse Collar
21:09 Stone Mining
21:29 Heavy Plow
21:41 Bow Saw
26:46 Stone Shaft Mining
28:04 Wheelbarrow
28:39 Scale Barding Armor
28:46 Forging
35:55 Imperial Age
35:03 Chain Barding Armor
35:09 Bloodlines
35:52 Caravan
36:00 Cavalier
37:22 Paladin
39:59 Iron Casting
40:22 Plate Barding Armor
41:09 Crop Rotation
Edu_d_Pro
14:34 Feudal Age
16:03 Horse Collar
17:55 Double-Bit Axe
20:57 Loom
25:44 Castle Age
24:40 Stone Mining
24:58 Gold Mining
27:41 Bow Saw
31:01 Heavy Plow
31:19 Scale Mail Armor
31:30 Forging
33:58 Imperial Age
32:17 Wheelbarrow
32:08 Pikeman
32:49 Squires
34:01 Chain Mail Armor
34:26 Iron Casting
34:15 Caravan
34:01 Halberdier
39:38 Blast Furnace
38:51 Perfusion
40:03 Blast Furnace
41:18 Two-Man Saw
41:16 Elite Huskarl
42:28 Anarchy
49:48 Hand Cart
50:09 Crop Rotation
51:37 Man-at-Arms
steve
7:52 Loom
13:46 Feudal Age
19:22 Castle Age
19:05 Wheelbarrow
18:24 Double-Bit Axe
18:22 Horse Collar
20:54 Wheelbarrow
20:44 Stone Mining
24:34 Hand Cart
25:53 Gold Mining
27:50 Husbandry
28:29 Bloodlines
29:46 Forging
29:29 Fletching
29:40 Padded Archer Armor
30:02 Ballistics
30:47 Bodkin Arrow
31:08 Leather Archer Armor
31:51 Gold Shaft Mining
32:53 Light Cavalry
45:11 Imperial Age
43:48 Forging
43:39 Scale Mail Armor
44:30 Bow Saw
47:21 Hussar
48:08 Elite Mangudai
mtex
3:55 Loom
11:30 Feudal Age
14:29 Horse Collar
19:48 Fletching
19:59 Padded Archer Armor
23:56 Gold Mining
26:51 Castle Age
25:28 Wheelbarrow
29:32 Medium Warships
30:47 Squires
30:33 Arson
30:11 Pikeman
33:58 Gold Shaft Mining
38:35 Imperial Age
36:33 Ballistics
38:05 Stone Mining
38:02 Double-Bit Axe
38:18 Heavy Plow
38:45 Siphons
38:54 Clinker Construction
39:35 Bow Saw
39:45 Leather Archer Armor
41:13 Conscription
42:43 Chemistry
43:11 Heated Shot
43:37 Careening
43:48 Carvel Hull
45:47 Heavy Warships
46:41 Bodkin Arrow
47:17 Ring Archer Armor
46:10 Elite Longbowman
47:27 Hoardings
50:52 Coinage
50:28 Caravan
Connection lost

Rejoining the realm…

Still unreachable

The connection could not be restored.

Session expired

The server has moved on; the page needs a fresh start.